AoeStats
← dubege

Arabia

507599552Analyzed
1v1 RM · 14d ago on Sep 18, 2026· 36m 0s· 2 players
Game mode
Random Map
Map size
Tiny (2 player)
Population
200
Speed
Normal
Resources
Standard
Victory
Conquest
Starting age
Dark Age
Ending age
Imperial Age
RankedLock teamsTeams togetherTeam positionsShared explorationLock speedFull tech treeHidden civsTurbo modeCheats
Victory
Defeat
🇧🇷 Chinese · Brazil
1043
+16
🇹🇷 Turks · Türkiye
1051
-16
Bonsai Duck
0:30 Loom
10:11 Feudal Age
11:01 Man-at-Arms
13:30 Horse Collar
17:54 Double-Bit Axe
20:43 Gold Mining
23:41 Castle Age
21:54 Fletching
22:05 Padded Archer Armor
24:22 Heavy Plow
24:34 Bow Saw
24:07 Crossbowman
27:50 Wheelbarrow
30:52 Thumb Ring
dubege
5:45 Loom
9:46 Feudal Age
20:25 Double-Bit Axe
20:56 Horse Collar
22:46 Fletching
26:02 Castle Age
26:57 Thumb Ring
26:50 Bodkin Arrow
27:23 Husbandry
27:52 Padded Archer Armor
31:34 Leather Archer Armor
Connection lost

Rejoining the realm…

Still unreachable

The connection could not be restored.

Session expired

The server has moved on; the page needs a fresh start.